Rocket vs IceHogs
Created - Saturday, March 1, 2025 at 00:02
Goals
|
Rocket |
3 |
0 |
1 |
0 |
4 |
IceHogs |
1 |
3 |
0 |
1 |
5 |
|
Shots
|
Rocket |
18 |
7 |
12 |
0 |
37 |
IceHogs |
18 |
17 |
18 |
1 |
54 |
|
1st period
1. IceHogs , Dominik Kubalik 26 (Egor Afanasyev 33, Brendan Brisson 34) at 3:08
2. Rocket , Michael Sgarbossa 30 (Kevin Shattenkirk 50, Travis Boyd 26) at 5:23 (PP)
3. Rocket , Cal Clutterbuck 3 (Oskar Sundqvist 14) at 9:43 (PP)
4. Rocket , Michael Sgarbossa 31 (Cal Clutterbuck 3, Phillip Di Giuseppe 37) at 15:52
Penalties :
Grant Hutton (RIH) for Hooking (Minor) at 3:34, Grant Hutton (RIH) for Roughing (Minor) at 8:31, Christian Fischer (RIH) for Tripping (Minor) at 12:50, Dysin Mayo (LAV) for Tripping (Minor) at 12:50, Brogan Rafferty (LAV) for Interference (Minor) at 17:21, Dysin Mayo (LAV) for Tripping (Minor) at 19:43
2nd period
5. IceHogs , Christian Fischer 11 (Ethen Frank 16) at 5:58
6. IceHogs , Egor Afanasyev 20 (Brendan Brisson 35, Calle Rosen 17) at 19:16 (PP)
7. IceHogs , Ethen Frank 10 (Christian Fischer 17, Filip Zadina 36) at 19:36
Penalties :
Brogan Rafferty (LAV) for Roughing (Minor) at 2:44, Jan Jenik (RIH) for Hooking (Minor) at 7:19, Jake Christiansen (LAV) for Roughing (Minor) at 11:01, Christian Fischer (RIH) for Hooking (Minor) at 13:05, Jayden Struble (LAV) for Hooking (Minor) at 15:51, Anders Bjork (LAV) for Goalie Interference (Minor) at 18:56
3rd period
8. Rocket , Oskar Sundqvist 13 (Kevin Shattenkirk 51, Jayden Struble 15) at 11:45
Penalties :
Oskar Sundqvist (LAV) for Slashing (Minor) at 0:52, Brian Halonen (RIH) for Interference (Minor) at 13:15, Mackenzie MacEachern (LAV) for Roughing (Minor) at 18:07
Overtime #1
9. IceHogs , Egor Afanasyev 21 (Brendan Brisson 36, Nikita Zaitsev 36) at 0:23
Penalties :
No Penalty
Goalie Stats
Chris Driedger (LAV), 49 saves from 54 shots - (0.907), OTL, 23-17-5, 60:24 minutes
Philipp Grubauer (RIH), 33 saves from 37 shots - (0.892), W, 22-16-3, 60:24 minutes
Players Stats for Rocket
Player Name G A P +/- PIM S H SB GA TA FO MP PP MP PK MP
------------------------------------------------------------------------------------
Anders Bjork 0 0 0 -1 2 1 0 0 0 0 1/3 20:48 4:12 2:06
Austin Strand 0 0 0 0 0 0 0 0 0 0 0/0 1:02 0:00 0:00
Brogan Rafferty 0 0 0 -1 4 2 0 0 0 0 0/0 18:05 5:01 1:26
Cal Clutterbuck 1 1 2 1 0 8 1 1 0 0 0/0 21:09 3:59 8:05
Dysin Mayo 0 0 0 -1 4 0 2 2 0 0 0/0 12:58 0:47 0:26
Jake Christiansen 0 0 0 1 2 0 0 0 0 0 0/0 21:11 4:14 6:32
Jayden Struble 0 1 1 -1 2 1 3 0 0 0 0/0 24:35 3:57 5:49
Josh Currie 0 0 0 -2 0 0 0 0 0 0 3/9 6:36 0:47 0:00
Kevin Shattenkirk 0 2 2 -2 0 2 1 0 0 0 0/0 24:38 3:57 6:43
Lucas Condotta 0 0 0 -1 0 1 1 0 0 0 1/2 14:25 0:00 2:00
Mackenzie MacEachern 0 0 0 -1 2 2 1 0 0 0 1/1 11:51 1:13 0:00
Matt Irwin 0 0 0 1 0 0 3 2 0 0 0/0 17:56 0:00 7:30
Michael Sgarbossa 2 0 2 0 0 10 0 0 0 0 9/28 18:36 4:12 4:07
Oskar Sundqvist 1 1 2 1 2 5 1 0 0 0 12/33 21:09 3:33 7:18
Peter Holland 0 0 0 -1 0 2 0 0 0 0 12/20 11:21 0:00 0:00
Phillip Di Giuseppe 0 1 1 1 0 3 0 1 0 0 1/1 17:29 3:59 4:25
Riley Sutter 0 0 0 -2 0 0 0 0 0 0 1/1 6:38 0:47 0:00
Travis Boyd 0 1 1 0 0 0 0 0 0 0 1/4 14:31 4:12 0:18
Players Stats for IceHogs
Player Name G A P +/- PIM S H SB GA TA FO MP PP MP PK MP
------------------------------------------------------------------------------------
Andrew Poturalski 0 0 0 -1 0 4 0 0 0 0 16/22 15:29 6:10 1:58
Brendan Brisson 0 3 3 2 0 5 0 1 0 0 0/1 20:17 7:56 0:45
Brian Halonen 0 0 0 -1 2 3 2 0 0 0 1/3 7:24 0:00 0:06
Calle Rosen 0 1 1 0 0 1 1 1 0 0 0/0 25:56 7:22 4:14
Christian Fischer 1 1 2 1 4 2 0 0 0 0 1/2 14:01 0:00 3:50
Dennis Gilbert 0 0 0 -1 0 2 0 0 0 0 0/0 21:25 6:34 4:13
Dominik Kubalik 1 0 1 1 0 6 0 0 0 0 1/2 17:45 7:56 0:06
Egor Afanasyev 2 1 3 2 0 5 4 0 0 0 25/36 22:44 7:56 4:34
Ethen Frank 1 1 2 1 0 1 0 0 0 0 13/24 15:57 0:10 3:09
Filip Zadina 0 1 1 1 0 6 2 0 0 0 0/4 18:29 6:00 2:41
Garrett Pilon 0 0 0 0 0 0 0 0 0 0 0/0 0:12 0:00 0:12
Grant Hutton 0 0 0 -1 4 2 1 1 0 0 0/0 19:38 6:34 2:46
Jan Jenik 0 0 0 0 2 3 1 0 0 0 2/5 8:36 0:00 0:00
Jeremie Poirier 0 0 0 2 0 0 2 2 0 0 0/0 14:31 0:10 1:58
Markus Niemelainen 0 0 0 2 0 1 0 0 0 0 0/0 12:56 0:10 0:43
Nikita Zaitsev 0 1 1 1 0 4 6 1 0 0 0/0 25:31 7:22 3:32
Philip Tomasino 0 0 0 -1 0 8 3 0 0 0 1/2 20:42 6:10 0:59
Valtteri Puustinen 0 0 0 0 0 1 2 0 0 0 0/1 8:43 0:00 0:06
3 Stars
1 - Egor Afanasyev (RIH)
2 - Brendan Brisson (RIH)
3 - Michael Sgarbossa (LAV)
Power Play
Rocket - 2 on 5 Attempt(s) - 40.00%
IceHogs - 1 on 8 Attempt(s) - 12.50%
Penalty Kill
Rocket - 7 on 8 Attempt(s) - 87.50%
- Score 0 goal in Penalty Kill
IceHogs - 3 on 5 Attempt(s) - 60.00%
- Score 0 goal in Penalty Kill
Team Stat
Rocket - Hits : 13 - Faceoff Wins : 42 - Blocked Shots : 6 - Penalty Minutes : 18
IceHogs - Hits : 24 - Faceoff Wins : 60 - Blocked Shots : 6 - Penalty Minutes : 12
Official
Referees : Chris Lee and Eric Furlatt
Linesman : Kyle Flemington and James Tobias
Game Notes
No Game Note
Finance
Level 1 -- Attendance: 1851 (92.55%) -- Ticket Income $64,785
Level 2 -- Attendance: 1000 (100.00%) -- Ticket Income $15,000
Total Attendance: 2851 (95.03%)
Total Ticket Income: $79,785
Other Income: $39,095
Total Income: $118,880
Rocket
5 vs 5 Forward
Center Left Wing Right Wing Time % Phy DF OF
1 Oskar Sundqvist Anders Bjork Travis Boyd 34 0 3 2
2 Michael Sgarbossa Phillip Di Giuseppe Cal Clutterbuck 30 0 2 3
3 Peter Holland Lucas Condotta Mackenzie MacEachern 24 1 2 2
4 Josh Currie Anders Bjork Riley Sutter 12 1 3 1
5 vs 5 Defense
Defense Defense Time % Phy DF OF
1 Kevin Shattenkirk Jayden Struble 35 1 3 1
2 Matt Irwin Jake Christiansen 30 1 3 1
3 Brogan Rafferty Dysin Mayo 25 1 3 1
4 Kevin Shattenkirk Jayden Struble 10 1 3 1
PowerPlay Forward
Center Left Wing Right Wing Time % Phy DF OF
1 Michael Sgarbossa Anders Bjork Travis Boyd 60 0 0 5
2 Oskar Sundqvist Phillip Di Giuseppe Cal Clutterbuck 40 0 0 5
PowerPlay Defense
Defense Defense Time % Phy DF OF
1 Kevin Shattenkirk Jayden Struble 60 0 2 3
2 Brogan Rafferty Jake Christiansen 40 0 2 3
Penalty Kill 4 Players Forward
Center Wing Time % Phy DF OF
1 Oskar Sundqvist Cal Clutterbuck 60 1 4 0
2 Michael Sgarbossa Phillip Di Giuseppe 40 1 4 0
Penalty Kill 4 Players Defense
Defense Defense Time % Phy DF OF
1 Kevin Shattenkirk Jayden Struble 60 1 4 0
2 Matt Irwin Jake Christiansen 40 1 4 0
Penalty Kill - 3 Players Forward
Forward Time % Phy DF OF
1 Oskar Sundqvist 60 1 4 0
2 Michael Sgarbossa 40 1 4 0
Penalty Kill - 3 Players Defense
Defense Defense Time % Phy DF OF
1 Kevin Shattenkirk Jayden Struble 60 1 4 0
2 Matt Irwin Jake Christiansen 40 1 4 0
4 vs 4 Forward
Center Wing Time % Phy DF OF
1 Travis Boyd Anders Bjork 60 1 3 1
2 Michael Sgarbossa Oskar Sundqvist 40 1 3 1
4 vs 4 Defense
Defense Defense Time % Phy DF OF
1 Kevin Shattenkirk Jayden Struble 60 1 3 1
2 Matt Irwin Jake Christiansen 40 1 3 1
Last Minutes Offensive
Center Left Wing Right Wing Defense Defense
Oskar Sundqvist Anders Bjork Travis Boyd Kevin Shattenkirk Jayden Struble
Last Minutes Defensive
Center Left Wing Right Wing Defense Defense
Michael Sgarbossa Phillip Di Giuseppe Cal Clutterbuck Kevin Shattenkirk Jayden Struble
Goaltenders
Starting : Chris Driedger
Backup : Antti Raanta
Extra Forwards
Normal : Riley Sutter, Josh Currie, Lucas Condotta - PP : Mackenzie MacEachern, Josh Currie - PK : Anders Bjork
Extra Defensemen
Normal : Brogan Rafferty, Dysin Mayo, Jake Christiansen - PP : Dysin Mayo - PK : Brogan Rafferty, Dysin Mayo
Penalty Shots
Jayden Struble, Anders Bjork, Kevin Shattenkirk, Cal Clutterbuck, Michael Sgarbossa
Custom OT Lines Forwards
Travis Boyd, Michael Sgarbossa, Phillip Di Giuseppe, Anders Bjork, Cal Clutterbuck, Oskar Sundqvist, Mackenzie MacEachern, Peter Holland, Lucas Condotta, Josh Currie
Custom OT Lines Defensemen
Kevin Shattenkirk, Jayden Struble, Matt Irwin, Jake Christiansen, Brogan Rafferty
Scratches
Kale Kessy (Healthy), Jan Mysak (Healthy), Mark Duarte (Healthy), Tyson Feist (Healthy), Sam Bitten (Healthy)
Mitch McLain (Healthy)
IceHogs
5 vs 5 Forward
Center Left Wing Right Wing Time % Phy DF OF
1 Egor Afanasyev Brendan Brisson Dominik Kubalik 25 1 2 2
2 Andrew Poturalski Philip Tomasino Brian Halonen 25 1 2 2
3 Ethen Frank Christian Fischer Filip Zadina 25 1 2 2
4 Jan Jenik Valtteri Puustinen Philip Tomasino 25 1 2 2
5 vs 5 Defense
Defense Defense Time % Phy DF OF
1 Nikita Zaitsev Calle Rosen 25 1 2 2
2 Dennis Gilbert Grant Hutton 25 1 2 2
3 Jeremie Poirier Markus Niemelainen 25 1 2 2
4 Nikita Zaitsev Calle Rosen 25 1 2 2
PowerPlay Forward
Center Left Wing Right Wing Time % Phy DF OF
1 Egor Afanasyev Brendan Brisson Dominik Kubalik 60 1 2 2
2 Andrew Poturalski Philip Tomasino Filip Zadina 40 1 2 2
PowerPlay Defense
Defense Defense Time % Phy DF OF
1 Nikita Zaitsev Calle Rosen 60 1 2 2
2 Dennis Gilbert Grant Hutton 40 1 2 2
Penalty Kill 4 Players Forward
Center Wing Time % Phy DF OF
1 Egor Afanasyev Christian Fischer 60 1 2 2
2 Ethen Frank Filip Zadina 40 1 2 2
Penalty Kill 4 Players Defense
Defense Defense Time % Phy DF OF
1 Nikita Zaitsev Calle Rosen 60 1 2 2
2 Dennis Gilbert Grant Hutton 40 1 2 2
Penalty Kill - 3 Players Forward
Forward Time % Phy DF OF
1 Egor Afanasyev 60 1 2 2
2 Christian Fischer 40 1 2 2
Penalty Kill - 3 Players Defense
Defense Defense Time % Phy DF OF
1 Nikita Zaitsev Calle Rosen 60 1 2 2
2 Dennis Gilbert Grant Hutton 40 1 2 2
4 vs 4 Forward
Center Wing Time % Phy DF OF
1 Ethen Frank Christian Fischer 60 1 2 2
2 Filip Zadina Egor Afanasyev 40 1 2 2
4 vs 4 Defense
Defense Defense Time % Phy DF OF
1 Nikita Zaitsev Calle Rosen 60 1 2 2
2 Dennis Gilbert Grant Hutton 40 1 2 2
Last Minutes Offensive
Center Left Wing Right Wing Defense Defense
Egor Afanasyev Brendan Brisson Philip Tomasino Nikita Zaitsev Calle Rosen
Last Minutes Defensive
Center Left Wing Right Wing Defense Defense
Egor Afanasyev Christian Fischer Filip Zadina Nikita Zaitsev Calle Rosen
Goaltenders
Starting : Philipp Grubauer
Backup : Troy Grosenick
Extra Forwards
Normal : Ethen Frank, Brendan Brisson, Andrew Poturalski - PP : Ethen Frank, Brendan Brisson - PK : Andrew Poturalski
Extra Defensemen
Normal : Jeremie Poirier, Nikita Zaitsev, Dennis Gilbert - PP : Jeremie Poirier - PK : Calle Rosen, Dennis Gilbert
Penalty Shots
Brian Halonen, Philip Tomasino, Filip Zadina, Egor Afanasyev, Dominik Kubalik
Custom OT Lines Forwards
Egor Afanasyev, Brendan Brisson, Andrew Poturalski, Philip Tomasino, Dominik Kubalik, Brian Halonen, Ethen Frank, Filip Zadina, Valtteri Puustinen, Christian Fischer
Custom OT Lines Defensemen
Nikita Zaitsev, Calle Rosen, Dennis Gilbert, Grant Hutton, Jeremie Poirier
Scratches
Karl Henriksson (Healthy), Radim Zohorna (Healthy), Joe Snively (Healthy), James Hamblin (Healthy), T.J. Tynan (Healthy)
Josh Bloom (Healthy), Pierrick Dube (Healthy), Carson Meyer (Healthy), Matthew Seminoff (Healthy), Danny Zhilkin (Healthy)
Rory Kerins (Healthy), Josh Maniscalco (Healthy), Casey Fitzgerald (Healthy), Nate Sucese (Healthy), Josh Dunne (Healthy)
Mason Primeau (Healthy), Isaac Poulter (Healthy)
% Time on Ice - Rocket
Lines # - Real PCT - Wanted PCT - Time Play
Normal Forward
1 - 25% - 34% - 8:42
2 - 26% - 30% - 9:05
3 - 32% - 24% - 11:21
4 - 17% - 12% - 5:49
Normal Defense
1 - 36% - 35% - 12:26
2 - 30% - 30% - 10:26
3 - 34% - 25% - 11:47
4 - 1% - 10% - 0:18
PP Forward
1 - 47% - 60% - 4:12
2 - 53% - 40% - 4:46
PP Defense
1 - 44% - 60% - 3:57
2 - 56% - 40% - 5:01
PK Forward
1 - 69% - 60% - 9:41
2 - 31% - 40% - 4:25
PK Defense
1 - 47% - 60% - 6:36
2 - 53% - 40% - 7:30
PK3 Forward
1 - 100% - 60% - 0:07
2 - 0% - 40% - 0:00
PK3 Defense
1 - 100% - 60% - 0:07
2 - 0% - 40% - 0:00
44 Forward
1 - 54% - 60% - 1:04
2 - 46% - 40% - 0:55
44 Defense
1 - 100% - 60% - 1:59
2 - 0% - 40% - 0:00
Last Minute Offensive - 0:00
Last Minute Defensive - 0:00
Total
Forward - 60:07
Defense - 60:07
|
% Time on Ice - IceHogs
Lines # - Real PCT - Wanted PCT - Time Play
Normal Forward
1 - 27% - 25% - 9:29
2 - 21% - 25% - 7:19
3 - 27% - 25% - 9:32
4 - 25% - 25% - 8:37
Normal Defense
1 - 21% - 25% - 7:23
2 - 26% - 25% - 9:11
3 - 34% - 25% - 12:03
4 - 18% - 25% - 6:20
PP Forward
1 - 56% - 60% - 7:56
2 - 44% - 40% - 6:10
PP Defense
1 - 52% - 60% - 7:22
2 - 48% - 40% - 6:44
PK Forward
1 - 70% - 60% - 6:17
2 - 30% - 40% - 2:41
PK Defense
1 - 53% - 60% - 4:45
2 - 47% - 40% - 4:13
PK3 Forward
1 - 0% - 60%
2 - 0% - 40%
PK3 Defense
1 - 0% - 60%
2 - 0% - 40%
44 Forward
1 - 78% - 60% - 1:38
2 - 22% - 40% - 0:28
44 Defense
1 - 29% - 60% - 0:37
2 - 71% - 40% - 1:29
Last Minute Offensive - 0:00
Last Minute Defensive - 0:00
Total
Forward - 60:07
Defense - 60:07
|
Play-by-Play
1st period
0:01 of 1st period - Egor Afanasyev wins face-off versus Oskar Sundqvist in neutral zone.
0:06 of 1st period - Shot by Dominik Kubalik.
0:06 of 1st period - Stopped by Chris Driedger without a rebound.
0:07 of 1st period - Andrew Poturalski wins face-off versus Michael Sgarbossa in Rocket zone.
0:22 of 1st period - Shot by Phillip Di Giuseppe.
0:22 of 1st period - Deflect By Michael Sgarbossa.
0:22 of 1st period - Shot Misses the Net.
0:24 of 1st period - Shot by Phillip Di Giuseppe.
0:24 of 1st period - Stopped by Philipp Grubauer with a rebound.
0:26 of 1st period - Shot by Michael Sgarbossa.
0:26 of 1st period - Stopped by Philipp Grubauer with a rebound.
0:28 of 1st period - Shot by Phillip Di Giuseppe.
0:28 of 1st period - Deflect By Michael Sgarbossa.
0:28 of 1st period - Shot Misses the Net.
0:30 of 1st period - Shot by Michael Sgarbossa.
0:30 of 1st period - Shot Misses the Net.
0:32 of 1st period - Shot by Cal Clutterbuck.
0:32 of 1st period - Stopped by Philipp Grubauer without a rebound.
0:33 of 1st period - Peter Holland wins face-off versus Ethen Frank in IceHogs zone.
0:33 of 1st period - Peter Holland is hit by Jeremie Poirier.
0:39 of 1st period - Shot by Brogan Rafferty.
0:39 of 1st period - Stopped by Philipp Grubauer without a rebound.
0:40 of 1st period - Egor Afanasyev wins face-off versus Oskar Sundqvist in IceHogs zone.
0:49 of 1st period - Off-side.
0:50 of 1st period - Peter Holland wins face-off versus Jan Jenik in neutral zone.
2:43 of 1st period - Shot by Dominik Kubalik.
2:43 of 1st period - Stopped by Chris Driedger without a rebound.
2:44 of 1st period - Andrew Poturalski wins face-off versus Michael Sgarbossa in Rocket zone.
2:53 of 1st period - Shot by Andrew Poturalski.
2:53 of 1st period - Stopped by Chris Driedger with a rebound.
2:55 of 1st period - Shot by Brian Halonen.
2:55 of 1st period - Shot Blocked by Phillip Di Giuseppe.
2:57 of 1st period - Shot by Grant Hutton.
2:57 of 1st period - Stopped by Chris Driedger without a rebound.
2:58 of 1st period - Peter Holland wins face-off versus Brendan Brisson in Rocket zone.
2:58 of 1st period - Peter Holland is hit by Egor Afanasyev.
3:08 of 1st period - Shot by Dominik Kubalik.
3:08 of 1st period - Goal by Dominik Kubalik - Rocket : 0 - IceHogs : 1.
3:09 of 1st period - Ethen Frank wins face-off versus Michael Sgarbossa in neutral zone.
3:26 of 1st period - Shot by Christian Fischer.
3:26 of 1st period - Shot Misses the Net.
3:28 of 1st period - Shot by Filip Zadina.
3:28 of 1st period - Stopped by Chris Driedger without a rebound.
3:29 of 1st period - Peter Holland wins face-off versus Brian Halonen in Rocket zone.
3:29 of 1st period - Peter Holland is hit by Brian Halonen.
3:34 of 1st period - Minor Penalty to Grant Hutton for Hooking.
3:35 of 1st period - Egor Afanasyev wins face-off versus Michael Sgarbossa in IceHogs zone.
3:58 of 1st period - Shot by Jayden Struble.
3:58 of 1st period - Stopped by Philipp Grubauer without a rebound.
3:59 of 1st period - Oskar Sundqvist wins face-off versus Ethen Frank in IceHogs zone.
4:18 of 1st period - Shot by Oskar Sundqvist.
4:18 of 1st period - Stopped by Philipp Grubauer without a rebound.
4:19 of 1st period - Egor Afanasyev wins face-off versus Michael Sgarbossa in IceHogs zone.
4:37 of 1st period - Shot by Kevin Shattenkirk.
4:37 of 1st period - Stopped by Philipp Grubauer without a rebound.
4:38 of 1st period - Ethen Frank wins face-off versus Oskar Sundqvist in IceHogs zone.
4:53 of 1st period - Icing by Cal Clutterbuck.
4:54 of 1st period - Oskar Sundqvist wins face-off versus Christian Fischer in Rocket zone.
5:11 of 1st period - Shot by Brogan Rafferty.
5:11 of 1st period - Stopped by Philipp Grubauer without a rebound.
5:12 of 1st period - Egor Afanasyev wins face-off versus Michael Sgarbossa in IceHogs zone.
5:23 of 1st period - Shot by Michael Sgarbossa.
5:23 of 1st period - Goal by Michael Sgarbossa - Rocket : 1 - IceHogs : 1.
5:24 of 1st period - Peter Holland wins face-off versus Andrew Poturalski in neutral zone.
5:31 of 1st period - Shot by Mackenzie MacEachern.
5:31 of 1st period - Stopped by Philipp Grubauer without a rebound.
5:32 of 1st period - Josh Currie wins face-off versus Egor Afanasyev in IceHogs zone.
5:39 of 1st period - Shot by Anders Bjork.
5:39 of 1st period - Shot Misses the Net.
5:41 of 1st period - Shot by Josh Currie.
5:41 of 1st period - Shot Blocked by Calle Rosen.
5:46 of 1st period - Riley Sutter is hit by Nikita Zaitsev.
6:47 of 1st period - Shot by Valtteri Puustinen.
6:47 of 1st period - Shot Misses the Net.
6:49 of 1st period - Shot by Jan Jenik.
6:49 of 1st period - Stopped by Chris Driedger without a rebound.
6:50 of 1st period - Ethen Frank wins face-off versus Peter Holland in Rocket zone.
7:06 of 1st period - Christian Fischer is hit by Dysin Mayo.
7:22 of 1st period - Shot by Filip Zadina.
7:22 of 1st period - Shot Blocked by Dysin Mayo.
7:24 of 1st period - Shot by Dennis Gilbert.
7:24 of 1st period - Stopped by Chris Driedger without a rebound.
7:25 of 1st period - Oskar Sundqvist wins face-off versus Andrew Poturalski in Rocket zone.
7:42 of 1st period - Shot by Oskar Sundqvist.
7:42 of 1st period - Stopped by Philipp Grubauer without a rebound.
7:43 of 1st period - Egor Afanasyev wins face-off versus Michael Sgarbossa in IceHogs zone.
7:52 of 1st period - Shot by Michael Sgarbossa.
7:52 of 1st period - Stopped by Philipp Grubauer without a rebound.
7:53 of 1st period - Andrew Poturalski wins face-off versus Oskar Sundqvist in IceHogs zone.
7:57 of 1st period - Off-side.
7:58 of 1st period - Andrew Poturalski wins face-off versus Oskar Sundqvist in neutral zone.
8:01 of 1st period - Shot by Philip Tomasino.
8:01 of 1st period - Stopped by Chris Driedger without a rebound.
8:02 of 1st period - Oskar Sundqvist wins face-off versus Jan Jenik in Rocket zone.
8:02 of 1st period - Oskar Sundqvist is hit by Philip Tomasino.
8:14 of 1st period - Shot by Jan Jenik.
8:14 of 1st period - Stopped by Chris Driedger without a rebound.
8:15 of 1st period - Michael Sgarbossa wins face-off versus Ethen Frank in Rocket zone.
8:24 of 1st period - Shot by Michael Sgarbossa.
8:24 of 1st period - Shot Misses the Net.
8:26 of 1st period - Shot by Matt Irwin.
8:26 of 1st period - Shot Hit the Post.
8:31 of 1st period - Minor Penalty to Grant Hutton for Roughing.
8:32 of 1st period - Michael Sgarbossa wins face-off versus Egor Afanasyev in IceHogs zone.
8:43 of 1st period - Travis Boyd is hit by Nikita Zaitsev and loses puck.
8:55 of 1st period - Anders Bjork is hit by Nikita Zaitsev and loses puck.
9:15 of 1st period - Icing by Jayden Struble.
9:16 of 1st period - Michael Sgarbossa wins face-off versus Filip Zadina in Rocket zone.
9:43 of 1st period - Shot by Cal Clutterbuck.
9:43 of 1st period - Goal by Cal Clutterbuck - Rocket : 2 - IceHogs : 1.
9:44 of 1st period - Andrew Poturalski wins face-off versus Peter Holland in neutral zone.
9:47 of 1st period - Mackenzie MacEachern is hit by Philip Tomasino and loses puck.
10:03 of 1st period - Off-side.
10:04 of 1st period - Egor Afanasyev wins face-off versus Josh Currie in neutral zone.
10:31 of 1st period - Shot by Brendan Brisson.
10:31 of 1st period - Deflect By Dominik Kubalik.
10:31 of 1st period - Shot Misses the Net.
11:20 of 1st period - Philip Tomasino is hit by Matt Irwin and loses puck.
11:39 of 1st period - Shot by Ethen Frank.
11:39 of 1st period - Shot Misses the Net.
11:41 of 1st period - Shot by Markus Niemelainen.
11:41 of 1st period - Stopped by Chris Driedger with a rebound.
11:55 of 1st period - Shot by Filip Zadina.
11:55 of 1st period - Shot Misses the Net.
11:57 of 1st period - Shot by Jeremie Poirier.
11:57 of 1st period - Shot Misses the Net.
12:01 of 1st period - Shot by Ethen Frank.
12:01 of 1st period - Shot Blocked by Matt Irwin.
12:13 of 1st period - Shot by Philip Tomasino.
12:13 of 1st period - Stopped by Chris Driedger with a rebound.
12:15 of 1st period - Shot by Andrew Poturalski.
12:15 of 1st period - Stopped by Chris Driedger without a rebound.
12:16 of 1st period - Phillip Di Giuseppe wins face-off versus Egor Afanasyev in Rocket zone.
12:44 of 1st period - Shot by Brendan Brisson.
12:44 of 1st period - Stopped by Chris Driedger without a rebound.
12:45 of 1st period - Andrew Poturalski wins face-off versus Peter Holland in Rocket zone.
12:48 of 1st period - Shot by Brian Halonen.
12:48 of 1st period - Stopped by Chris Driedger without a rebound.
12:49 of 1st period - Peter Holland wins face-off versus Ethen Frank in Rocket zone.
12:49 of 1st period - Peter Holland is hit by Filip Zadina.
12:50 of 1st period - Minor Penalty to Christian Fischer for Tripping.
12:50 of 1st period - Minor Penalty to Dysin Mayo for Tripping.
12:51 of 1st period - Michael Sgarbossa wins face-off versus Ethen Frank in Rocket zone.
14:22 of 1st period - Icing by Brogan Rafferty.
14:23 of 1st period - Travis Boyd wins face-off versus Filip Zadina in Rocket zone.
14:23 of 1st period - Travis Boyd is hit by Filip Zadina.
14:47 of 1st period - Shot by Egor Afanasyev.
14:47 of 1st period - Deflect By Filip Zadina.
14:47 of 1st period - Stopped by Chris Driedger without a rebound.
14:48 of 1st period - Riley Sutter wins face-off versus Philip Tomasino in Rocket zone.
14:55 of 1st period - Shot by Cal Clutterbuck.
14:55 of 1st period - Shot Misses the Net.
14:57 of 1st period - Shot by Dysin Mayo.
14:57 of 1st period - Shot Misses the Net.
14:59 of 1st period - Shot by Phillip Di Giuseppe.
14:59 of 1st period - Stopped by Philipp Grubauer without a rebound.
15:00 of 1st period - Brian Halonen wins face-off versus Peter Holland in IceHogs zone.
15:19 of 1st period - Shot by Kevin Shattenkirk.
15:19 of 1st period - Shot Blocked by Jeremie Poirier.
15:40 of 1st period - Icing by Matt Irwin.
15:41 of 1st period - Ethen Frank wins face-off versus Michael Sgarbossa in Rocket zone.
15:42 of 1st period - Shot by Filip Zadina.
15:42 of 1st period - Shot Misses the Net.
15:52 of 1st period - Shot by Michael Sgarbossa.
15:52 of 1st period - Goal by Michael Sgarbossa - Rocket : 3 - IceHogs : 1.
15:53 of 1st period - Oskar Sundqvist wins face-off versus Egor Afanasyev in neutral zone.
16:09 of 1st period - Anders Bjork is hit by Nikita Zaitsev.
16:19 of 1st period - Shot by Oskar Sundqvist.
16:19 of 1st period - Stopped by Philipp Grubauer without a rebound.
16:20 of 1st period - Michael Sgarbossa wins face-off versus Ethen Frank in IceHogs zone.
16:27 of 1st period - Shot by Cal Clutterbuck.
16:27 of 1st period - Deflect By Michael Sgarbossa.
16:27 of 1st period - Stopped by Philipp Grubauer without a rebound.
16:28 of 1st period - Jan Jenik wins face-off versus Peter Holland in IceHogs zone.
16:46 of 1st period - Icing by Jayden Struble.
16:47 of 1st period - Peter Holland wins face-off versus Ethen Frank in Rocket zone.
17:10 of 1st period - Shot by Lucas Condotta.
17:10 of 1st period - Stopped by Philipp Grubauer without a rebound.
17:11 of 1st period - Oskar Sundqvist wins face-off versus Brian Halonen in IceHogs zone.
17:21 of 1st period - Minor Penalty to Brogan Rafferty for Interference.
17:22 of 1st period - Egor Afanasyev wins face-off versus Oskar Sundqvist in Rocket zone.
19:29 of 1st period - Philip Tomasino is hit by Dysin Mayo and loses puck.
19:32 of 1st period - Shot by Valtteri Puustinen.
19:32 of 1st period - Stopped by Chris Driedger with a rebound.
19:34 of 1st period - Shot by Philip Tomasino.
19:34 of 1st period - Stopped by Chris Driedger without a rebound.
19:35 of 1st period - Peter Holland wins face-off versus Ethen Frank in Rocket zone.
19:43 of 1st period - Minor Penalty to Dysin Mayo for Tripping.
19:44 of 1st period - Andrew Poturalski wins face-off versus Oskar Sundqvist in Rocket zone.
Goals for this period are 3 for Rocket vs 1 for IceHogs.
Shots for this period are 18 for Rocket vs 18 for IceHogs.
2nd period
0:01 of 2nd period - Egor Afanasyev wins face-off versus Oskar Sundqvist in neutral zone.
0:12 of 2nd period - Shot by Brendan Brisson.
0:12 of 2nd period - Stopped by Chris Driedger without a rebound.
0:13 of 2nd period - Andrew Poturalski wins face-off versus Oskar Sundqvist in Rocket zone.
0:20 of 2nd period - Shot by Philip Tomasino.
0:20 of 2nd period - Stopped by Chris Driedger with a rebound.
0:22 of 2nd period - Shot by Grant Hutton.
0:22 of 2nd period - Stopped by Chris Driedger without a rebound.
0:23 of 2nd period - Oskar Sundqvist wins face-off versus Dominik Kubalik in Rocket zone.
1:34 of 2nd period - Shot by Dennis Gilbert.
1:34 of 2nd period - Stopped by Chris Driedger with a rebound.
1:36 of 2nd period - Shot by Filip Zadina.
1:36 of 2nd period - Stopped by Chris Driedger with a rebound.
1:56 of 2nd period - Shot by Dominik Kubalik.
1:56 of 2nd period - Stopped by Chris Driedger without a rebound.
1:57 of 2nd period - Josh Currie wins face-off versus Valtteri Puustinen in Rocket zone.
1:57 of 2nd period - Josh Currie is hit by Valtteri Puustinen.
2:07 of 2nd period - Shot by Josh Currie.
2:07 of 2nd period - Deflect By Riley Sutter.
2:07 of 2nd period - Shot Misses the Net.
2:09 of 2nd period - Shot by Anders Bjork.
2:09 of 2nd period - Stopped by Philipp Grubauer without a rebound.
2:10 of 2nd period - Peter Holland wins face-off versus Ethen Frank in IceHogs zone.
2:14 of 2nd period - Lucas Condotta is hit by Nikita Zaitsev and loses puck.
2:18 of 2nd period - Icing by Calle Rosen.
2:19 of 2nd period - Josh Currie wins face-off versus Filip Zadina in IceHogs zone.
2:19 of 2nd period - Anders Bjork is hit by Nikita Zaitsev.
2:44 of 2nd period - Minor Penalty to Brogan Rafferty for Roughing.
2:45 of 2nd period - Egor Afanasyev wins face-off versus Michael Sgarbossa in Rocket zone.
5:05 of 2nd period - Shot by Valtteri Puustinen.
5:05 of 2nd period - Shot Misses the Net.
5:50 of 2nd period - Shot by Brian Halonen.
5:50 of 2nd period - Stopped by Chris Driedger without a rebound.
5:51 of 2nd period - Ethen Frank wins face-off versus Josh Currie in Rocket zone.
5:58 of 2nd period - Shot by Christian Fischer.
5:58 of 2nd period - Goal by Christian Fischer - Rocket : 3 - IceHogs : 2.
5:59 of 2nd period - Egor Afanasyev wins face-off versus Anders Bjork in neutral zone.
6:06 of 2nd period - Shot by Egor Afanasyev.
6:06 of 2nd period - Deflect By Dominik Kubalik.
6:06 of 2nd period - Shot Misses the Net.
6:12 of 2nd period - Shot by Travis Boyd.
6:12 of 2nd period - Shot Misses the Net.
6:14 of 2nd period - Shot by Oskar Sundqvist.
6:14 of 2nd period - Stopped by Philipp Grubauer with a rebound.
6:16 of 2nd period - Shot by Oskar Sundqvist.
6:16 of 2nd period - Shot Blocked by Nikita Zaitsev.
6:43 of 2nd period - Nikita Zaitsev is hit by Jayden Struble.
6:49 of 2nd period - Jayden Struble is hit by Egor Afanasyev and loses puck.
7:02 of 2nd period - Shot by Cal Clutterbuck.
7:02 of 2nd period - Shot Misses the Net.
7:04 of 2nd period - Shot by Jayden Struble.
7:04 of 2nd period - Shot Blocked by Brendan Brisson.
7:19 of 2nd period - Minor Penalty to Jan Jenik for Hooking.
7:20 of 2nd period - Andrew Poturalski wins face-off versus Michael Sgarbossa in IceHogs zone.
9:29 of 2nd period - Valtteri Puustinen is hit by Matt Irwin and loses puck.
9:36 of 2nd period - Lucas Condotta is hit by Valtteri Puustinen and loses puck.
9:40 of 2nd period - Icing by Jake Christiansen.
9:41 of 2nd period - Peter Holland wins face-off versus Andrew Poturalski in Rocket zone.
9:48 of 2nd period - Shot by Andrew Poturalski.
9:48 of 2nd period - Stopped by Chris Driedger with a rebound.
10:41 of 2nd period - Shot by Jan Jenik.
10:41 of 2nd period - Stopped by Chris Driedger without a rebound.
10:42 of 2nd period - Michael Sgarbossa wins face-off versus Egor Afanasyev in Rocket zone.
10:42 of 2nd period - Michael Sgarbossa is hit by Egor Afanasyev.
10:52 of 2nd period - Shot by Michael Sgarbossa.
10:52 of 2nd period - Stopped by Philipp Grubauer without a rebound.
10:53 of 2nd period - Egor Afanasyev wins face-off versus Peter Holland in IceHogs zone.
11:01 of 2nd period - Minor Penalty to Jake Christiansen for Roughing.
11:02 of 2nd period - Egor Afanasyev wins face-off versus Oskar Sundqvist in Rocket zone.
11:03 of 2nd period - Shot by Nikita Zaitsev.
11:03 of 2nd period - Stopped by Chris Driedger without a rebound.
11:04 of 2nd period - Egor Afanasyev wins face-off versus Oskar Sundqvist in Rocket zone.
11:22 of 2nd period - Shot by Nikita Zaitsev.
11:22 of 2nd period - Shot Misses the Net.
11:24 of 2nd period - Shot by Nikita Zaitsev.
11:24 of 2nd period - Stopped by Chris Driedger without a rebound.
11:25 of 2nd period - Andrew Poturalski wins face-off versus Oskar Sundqvist in Rocket zone.
11:26 of 2nd period - Shot by Filip Zadina.
11:26 of 2nd period - Shot Blocked by Matt Irwin.
11:28 of 2nd period - Shot by Filip Zadina.
11:28 of 2nd period - Shot Misses the Net.
11:30 of 2nd period - Shot by Grant Hutton.
11:30 of 2nd period - Shot Misses the Net.
11:34 of 2nd period - Shot by Philip Tomasino.
11:34 of 2nd period - Shot Misses the Net.
11:36 of 2nd period - Shot by Philip Tomasino.
11:36 of 2nd period - Stopped by Chris Driedger without a rebound.
11:37 of 2nd period - Egor Afanasyev wins face-off versus Michael Sgarbossa in Rocket zone.
12:53 of 2nd period - Off-side.
12:54 of 2nd period - Philip Tomasino wins face-off versus Oskar Sundqvist in neutral zone.
12:54 of 2nd period - Philip Tomasino is hit by Cal Clutterbuck.
13:05 of 2nd period - Minor Penalty to Christian Fischer for Hooking.
13:06 of 2nd period - Egor Afanasyev wins face-off versus Travis Boyd in IceHogs zone.
13:15 of 2nd period - Shot by Michael Sgarbossa.
13:15 of 2nd period - Stopped by Philipp Grubauer with a rebound.
13:17 of 2nd period - Shot by Michael Sgarbossa.
13:17 of 2nd period - Stopped by Philipp Grubauer with a rebound.
13:19 of 2nd period - Shot by Anders Bjork.
13:19 of 2nd period - Shot Misses the Net.
13:21 of 2nd period - Shot by Michael Sgarbossa.
13:21 of 2nd period - Shot Misses the Net.
13:25 of 2nd period - Shot by Michael Sgarbossa.
13:25 of 2nd period - Stopped by Philipp Grubauer without a rebound.
13:26 of 2nd period - Oskar Sundqvist wins face-off versus Egor Afanasyev in IceHogs zone.
13:29 of 2nd period - Shot by Kevin Shattenkirk.
13:29 of 2nd period - Stopped by Philipp Grubauer with a rebound.
13:38 of 2nd period - Icing by Phillip Di Giuseppe.
13:39 of 2nd period - Egor Afanasyev wins face-off versus Oskar Sundqvist in Rocket zone.
15:07 of 2nd period - Shot by Oskar Sundqvist.
15:07 of 2nd period - Deflect By Peter Holland.
15:07 of 2nd period - Shot Blocked by Jeremie Poirier.
15:22 of 2nd period - Filip Zadina is hit by Jayden Struble and loses puck.
15:34 of 2nd period - Shot by Filip Zadina.
15:34 of 2nd period - Shot Misses the Net.
15:51 of 2nd period - Minor Penalty to Jayden Struble for Hooking.
15:52 of 2nd period - Egor Afanasyev wins face-off versus Oskar Sundqvist in Rocket zone.
15:52 of 2nd period - Egor Afanasyev is hit by Matt Irwin.
16:32 of 2nd period - Shot by Philip Tomasino.
16:32 of 2nd period - Stopped by Chris Driedger with a rebound.
16:34 of 2nd period - Shot by Filip Zadina.
16:34 of 2nd period - Shot Misses the Net.
17:50 of 2nd period - Shot by Philip Tomasino.
17:50 of 2nd period - Deflect By Ethen Frank.
17:50 of 2nd period - Shot Blocked by Dysin Mayo.
18:56 of 2nd period - Minor Penalty to Anders Bjork for Goalie Interference.
18:57 of 2nd period - Oskar Sundqvist wins face-off versus Egor Afanasyev in Rocket zone.
19:16 of 2nd period - Shot by Egor Afanasyev.
19:16 of 2nd period - Goal by Egor Afanasyev - Rocket : 3 - IceHogs : 3.
19:17 of 2nd period - Anders Bjork wins face-off versus Ethen Frank in neutral zone.
19:24 of 2nd period - Icing by Markus Niemelainen.
19:25 of 2nd period - Ethen Frank wins face-off versus Josh Currie in IceHogs zone.
19:34 of 2nd period - Shot by Christian Fischer.
19:34 of 2nd period - Stopped by Chris Driedger with a rebound.
19:36 of 2nd period - Shot by Ethen Frank.
19:36 of 2nd period - Goal by Ethen Frank - Rocket : 3 - IceHogs : 4.
19:37 of 2nd period - Andrew Poturalski wins face-off versus Michael Sgarbossa in neutral zone.
19:40 of 2nd period - Phillip Di Giuseppe is hit by Brian Halonen and loses puck.
Goals for this period are 0 for Rocket vs 3 for IceHogs.
Shots for this period are 7 for Rocket vs 17 for IceHogs.
3rd period
0:01 of 3rd period - Andrew Poturalski wins face-off versus Oskar Sundqvist in neutral zone.
0:04 of 3rd period - Shot by Philip Tomasino.
0:04 of 3rd period - Shot Misses the Net.
0:06 of 3rd period - Shot by Philip Tomasino.
0:06 of 3rd period - Stopped by Chris Driedger without a rebound.
0:07 of 3rd period - Andrew Poturalski wins face-off versus Oskar Sundqvist in Rocket zone.
0:07 of 3rd period - Andrew Poturalski is hit by Kevin Shattenkirk.
0:43 of 3rd period - Shot by Brian Halonen.
0:43 of 3rd period - Stopped by Chris Driedger with a rebound.
0:52 of 3rd period - Minor Penalty to Oskar Sundqvist for Slashing.
0:53 of 3rd period - Lucas Condotta wins face-off versus Egor Afanasyev in Rocket zone.
1:20 of 3rd period - Shot by Egor Afanasyev.
1:20 of 3rd period - Stopped by Chris Driedger with a rebound.
1:28 of 3rd period - Shot by Egor Afanasyev.
1:28 of 3rd period - Deflect By Dominik Kubalik.
1:28 of 3rd period - Shot Hit the Post.
2:23 of 3rd period - Shot by Brendan Brisson.
2:23 of 3rd period - Stopped by Chris Driedger without a rebound.
2:24 of 3rd period - Andrew Poturalski wins face-off versus Travis Boyd in Rocket zone.
2:25 of 3rd period - Shot by Filip Zadina.
2:25 of 3rd period - Stopped by Chris Driedger with a rebound.
2:27 of 3rd period - Shot by Nikita Zaitsev.
2:27 of 3rd period - Stopped by Chris Driedger with a rebound.
2:29 of 3rd period - Shot by Filip Zadina.
2:29 of 3rd period - Shot Hit the Post.
2:31 of 3rd period - Shot by Calle Rosen.
2:31 of 3rd period - Stopped by Chris Driedger without a rebound.
2:32 of 3rd period - Egor Afanasyev wins face-off versus Travis Boyd in Rocket zone.
2:41 of 3rd period - Shot by Egor Afanasyev.
2:41 of 3rd period - Deflect By Dominik Kubalik.
2:41 of 3rd period - Stopped by Chris Driedger without a rebound.
2:42 of 3rd period - Andrew Poturalski wins face-off versus Lucas Condotta in Rocket zone.
3:09 of 3rd period - Shot by Filip Zadina.
3:09 of 3rd period - Shot Misses the Net.
3:11 of 3rd period - Shot by Filip Zadina.
3:11 of 3rd period - Stopped by Chris Driedger without a rebound.
3:12 of 3rd period - Michael Sgarbossa wins face-off versus Egor Afanasyev in Rocket zone.
3:14 of 3rd period - Icing by Cal Clutterbuck.
3:15 of 3rd period - Dominik Kubalik wins face-off versus Michael Sgarbossa in Rocket zone.
3:32 of 3rd period - Shot by Egor Afanasyev.
3:32 of 3rd period - Shot Misses the Net.
3:34 of 3rd period - Shot by Dominik Kubalik.
3:34 of 3rd period - Shot Blocked by Cal Clutterbuck.
3:36 of 3rd period - Shot by Nikita Zaitsev.
3:36 of 3rd period - Stopped by Chris Driedger without a rebound.
3:37 of 3rd period - Oskar Sundqvist wins face-off versus Andrew Poturalski in Rocket zone.
4:23 of 3rd period - Jake Christiansen is hit by Philip Tomasino and loses puck.
4:46 of 3rd period - Shot by Dominik Kubalik.
4:46 of 3rd period - Stopped by Chris Driedger with a rebound.
4:48 of 3rd period - Shot by Brendan Brisson.
4:48 of 3rd period - Stopped by Chris Driedger without a rebound.
4:49 of 3rd period - Christian Fischer wins face-off versus Michael Sgarbossa in Rocket zone.
4:56 of 3rd period - Shot by Filip Zadina.
4:56 of 3rd period - Stopped by Chris Driedger without a rebound.
4:57 of 3rd period - Michael Sgarbossa wins face-off versus Filip Zadina in Rocket zone.
5:14 of 3rd period - Shot by Michael Sgarbossa.
5:14 of 3rd period - Stopped by Philipp Grubauer without a rebound.
5:15 of 3rd period - Egor Afanasyev wins face-off versus Oskar Sundqvist in IceHogs zone.
5:33 of 3rd period - Oskar Sundqvist is hit by Jeremie Poirier and loses puck.
6:05 of 3rd period - Kevin Shattenkirk is hit by Calle Rosen.
6:15 of 3rd period - Shot by Cal Clutterbuck.
6:15 of 3rd period - Shot Misses the Net.
6:17 of 3rd period - Shot by Michael Sgarbossa.
6:17 of 3rd period - Shot Misses the Net.
6:45 of 3rd period - Shot by Cal Clutterbuck.
6:45 of 3rd period - Stopped by Philipp Grubauer without a rebound.
6:46 of 3rd period - Peter Holland wins face-off versus Ethen Frank in IceHogs zone.
6:55 of 3rd period - Shot by Mackenzie MacEachern.
6:55 of 3rd period - Shot Blocked by Grant Hutton.
7:13 of 3rd period - Shot by Peter Holland.
7:13 of 3rd period - Stopped by Philipp Grubauer without a rebound.
7:14 of 3rd period - Egor Afanasyev wins face-off versus Josh Currie in IceHogs zone.
7:16 of 3rd period - Icing by Jeremie Poirier.
7:17 of 3rd period - Egor Afanasyev wins face-off versus Michael Sgarbossa in IceHogs zone.
8:04 of 3rd period - Shot by Filip Zadina.
8:04 of 3rd period - Shot Misses the Net.
8:34 of 3rd period - Shot by Filip Zadina.
8:34 of 3rd period - Shot Misses the Net.
9:02 of 3rd period - Shot by Philip Tomasino.
9:02 of 3rd period - Stopped by Chris Driedger without a rebound.
9:03 of 3rd period - Peter Holland wins face-off versus Jan Jenik in Rocket zone.
9:20 of 3rd period - Shot by Mackenzie MacEachern.
9:20 of 3rd period - Stopped by Philipp Grubauer with a rebound.
10:11 of 3rd period - Icing by Kevin Shattenkirk.
10:12 of 3rd period - Egor Afanasyev wins face-off versus Josh Currie in Rocket zone.
10:19 of 3rd period - Shot by Egor Afanasyev.
10:19 of 3rd period - Stopped by Chris Driedger without a rebound.
10:20 of 3rd period - Ethen Frank wins face-off versus Michael Sgarbossa in Rocket zone.
10:53 of 3rd period - Shot by Michael Sgarbossa.
10:53 of 3rd period - Shot Misses the Net.
11:29 of 3rd period - Shot by Brendan Brisson.
11:29 of 3rd period - Stopped by Chris Driedger without a rebound.
11:30 of 3rd period - Oskar Sundqvist wins face-off versus Andrew Poturalski in Rocket zone.
11:45 of 3rd period - Shot by Oskar Sundqvist.
11:45 of 3rd period - Goal by Oskar Sundqvist - Rocket : 4 - IceHogs : 4.
11:46 of 3rd period - Mackenzie MacEachern wins face-off versus Egor Afanasyev in neutral zone.
11:46 of 3rd period - Mackenzie MacEachern is hit by Egor Afanasyev.
11:56 of 3rd period - Shot by Egor Afanasyev.
11:56 of 3rd period - Stopped by Chris Driedger without a rebound.
11:57 of 3rd period - Ethen Frank wins face-off versus Anders Bjork in Rocket zone.
11:57 of 3rd period - Ethen Frank is hit by Jayden Struble.
12:47 of 3rd period - Brendan Brisson is hit by Oskar Sundqvist and loses puck.
13:05 of 3rd period - Shot by Phillip Di Giuseppe.
13:05 of 3rd period - Deflect By Cal Clutterbuck.
13:05 of 3rd period - Stopped by Philipp Grubauer with a rebound.
13:07 of 3rd period - Shot by Phillip Di Giuseppe.
13:07 of 3rd period - Stopped by Philipp Grubauer without a rebound.
13:08 of 3rd period - Andrew Poturalski wins face-off versus Peter Holland in IceHogs zone.
13:08 of 3rd period - Andrew Poturalski is hit by Lucas Condotta.
13:15 of 3rd period - Minor Penalty to Brian Halonen for Interference.
13:16 of 3rd period - Egor Afanasyev wins face-off versus Oskar Sundqvist in IceHogs zone.
13:46 of 3rd period - Shot by Cal Clutterbuck.
13:46 of 3rd period - Stopped by Philipp Grubauer without a rebound.
13:47 of 3rd period - Ethen Frank wins face-off versus Michael Sgarbossa in IceHogs zone.
14:37 of 3rd period - Mackenzie MacEachern is hit by Grant Hutton and loses puck.
14:54 of 3rd period - Shot by Cal Clutterbuck.
14:54 of 3rd period - Stopped by Philipp Grubauer without a rebound.
14:55 of 3rd period - Ethen Frank wins face-off versus Oskar Sundqvist in IceHogs zone.
15:36 of 3rd period - Shot by Andrew Poturalski.
15:36 of 3rd period - Stopped by Chris Driedger without a rebound.
15:37 of 3rd period - Jan Jenik wins face-off versus Josh Currie in Rocket zone.
16:15 of 3rd period - Mackenzie MacEachern is hit by Jan Jenik and loses puck.
16:32 of 3rd period - Shot by Mackenzie MacEachern.
16:32 of 3rd period - Shot Misses the Net.
16:34 of 3rd period - Shot by Lucas Condotta.
16:34 of 3rd period - Shot Misses the Net.
16:36 of 3rd period - Shot by Mackenzie MacEachern.
16:36 of 3rd period - Deflect By Peter Holland.
16:36 of 3rd period - Stopped by Philipp Grubauer without a rebound.
16:37 of 3rd period - Ethen Frank wins face-off versus Michael Sgarbossa in IceHogs zone.
16:46 of 3rd period - Shot by Phillip Di Giuseppe.
16:46 of 3rd period - Shot Misses the Net.
16:48 of 3rd period - Shot by Cal Clutterbuck.
16:48 of 3rd period - Stopped by Philipp Grubauer without a rebound.
16:49 of 3rd period - Michael Sgarbossa wins face-off versus Egor Afanasyev in IceHogs zone.
17:14 of 3rd period - Shot by Cal Clutterbuck.
17:14 of 3rd period - Stopped by Philipp Grubauer with a rebound.
18:05 of 3rd period - Icing by Dennis Gilbert.
18:06 of 3rd period - Ethen Frank wins face-off versus Peter Holland in IceHogs zone.
18:06 of 3rd period - Filip Zadina is hit by Mackenzie MacEachern and loses puck.
18:07 of 3rd period - Minor Penalty to Mackenzie MacEachern for Roughing.
18:08 of 3rd period - Oskar Sundqvist wins face-off versus Andrew Poturalski in Rocket zone.
18:29 of 3rd period - Off-side.
18:30 of 3rd period - Egor Afanasyev wins face-off versus Michael Sgarbossa in neutral zone.
Goals for this period are 1 for Rocket vs 0 for IceHogs.
Shots for this period are 12 for Rocket vs 18 for IceHogs.
Overtime #1
0:01 of 1st overtime period - Ethen Frank wins face-off versus Oskar Sundqvist in neutral zone.
0:23 of 1st overtime period - Shot by Egor Afanasyev.
0:23 of 1st overtime period - Goal by Egor Afanasyev - Rocket : 4 - IceHogs : 5.
Goals for this period are 0 for Rocket vs 1 for IceHogs.
Shots for this period are 0 for Rocket vs 1 for IceHogs.
Back to the Top